 Dungeon Crawl Stone Soup version 0.14-a0-2592-g262d02f (webtiles) character file.

193 CrazyArbalest the Charlatan (level 4, -4/32 HPs)
             Began as a Demonspawn Artificer on Feb 12, 2014.
             Slain by a basilisk (5 damage)
             ... on Level 4 of the Dungeon.
             The game lasted 00:16:37 (3052 turns).

CrazyArbalest the Charlatan (Demonspawn Artificer)  Turns: 3052, Time: 00:16:37

HP  -4/32        AC  7     Str 11      XL: 4   Next: 86%
MP   0/6         EV  2     Int 14      God:
Gold 65          SH  0     Dex 14      Spells:  0 memorised,  3 levels left

rFire  . . .     SeeInvis .     o - +0 whip
rCold  . . .     Clarity  .     e - +0 leather armour
rNeg   + + +     Conserve .     (no shield)
rPois  +         rCorr    .     z - +0 hat
rElec  .         rRot     +     (no cloak)
SustAb . .       Spirit   +     (no gloves)
rMut   .         Warding  .     (no boots)
Saprov . . .     Stasis   .     (no amulet)
MR     .....                    (no ring)
                                k - +2 ring of evasion

@: petrified, not resistant to hostile enchantments, stealthy
A: iridescent scales 1, nightstalker 1, magic shield
a: no special abilities


You were on level 4 of the Dungeon.
You were very hungry.

You visited 1 branch of the dungeon, and saw 4 of its levels.

You collected 65 gold pieces.

Inventory:

Hand weapons
 o - a +0,+0 whip (weapon)
 q - a +0,+0 short sword
 w - a +1,+0 dwarven cutlass
 x - a +1,+0 orcish short sword of venom
Missiles
 u - 6 poisoned bolts
Armour
 e - a +0 leather armour (worn)
 t - a +0 orcish leather armour
 z - a +0 hat (worn)
Magical devices
 b - a wand of flame (2)
 c - a wand of enslavement (14)
 d - a wand of random effects (0)
 n - a wand of polymorph (0)
Comestibles
 f - 2 bread rations
 j - 2 meat rations
 v - an apple
Scrolls
 a - 3 scrolls of teleportation {unknown}
 h - a scroll of remove curse {unknown}
 i - 2 scrolls of noise {unknown}
 l - 2 scrolls of identify {unknown}
 m - a scroll of random uselessness {unknown}
 y - a scroll of immolation {unknown}
 A - 2 scrolls of enchant weapon I {unknown}
Jewellery
 k - a +2 ring of evasion (left hand)
 p - a +6 ring of strength {unknown}
Potions
 g - a potion of invisibility {unknown}
 r - a potion of curing {unknown}
 s - a potion of might {unknown}


   Skills:
 + Level 1.5 Fighting
 - Level 0.8 Short Blades
 * Level 1.0 Maces & Flails
 + Level 1.5 Armour
 + Level 2.5 Dodging
 + Level 1.4 Stealth
 + Level 4.3 Evocations


You had 3 spell levels left.
You didn't know any spells.

Dungeon Overview and Level Annotations

Branches:
Dungeon (4/16)
 Temple: D:4-7

Altars:
Xom
Zin


Innate Abilities, Weirdness & Mutations

You are partially covered in iridescent scales (AC +4).
You are slightly more attuned to the shadows.
When hurt, damage is shared between your health and your magic reserves.


Message History

The basilisk is lightly wounded.
This wand has 3 charges left.
The basilisk bites you.
* * * LOW HITPOINT WARNING * * *
Your limbs are stiffening.
Evoke which item? (* to show all) (? for menu, Esc to quit)
Zapping:
b - a wand of flame (3)
Press: ? - help, Shift-Dir - straight line, f/p - basilisk
Aim: a basilisk (lightly wounded)
The puff of flame hits the basilisk.
The basilisk is moderately wounded.
This wand has 2 charges left.
The basilisk closely misses you. The basilisk bites you.
* * * LOW HITPOINT WARNING * * *
You have turned to stone.
The basilisk bites you.
* * * LOW HITPOINT WARNING * * *
The basilisk bites you!
* * * LOW HITPOINT WARNING * * *
The basilisk bites you!
You die...

## +l##
#######+###
#.@###.........#
##...'.........#
#####.........###
#.........'.##
#.........#...
#.........####
###########


You could see a basilisk.

Vanquished Creatures
  An ogre skeleton (D:4)
  A boggart (D:2)
  4 adders
  Ijyb (D:2)
  A giant mite (D:2)
  An adder skeleton (D:4)
  3 orcs (D:3)
  4 giant cockroaches
  A hobgoblin (D:1)
  7 kobolds
  2 oozes
  2 ball pythons (D:1)
  8 bats
  10 goblins
  3 rats
49 creatures vanquished.

Notes
Turn   | Place    | Note
--------------------------------------------------------------
     0 | D:1      | CrazyArbalest, the Demonspawn Artificer, began the quest for the Orb.
     0 | D:1      | Reached XP level 1. HP: 15/15 MP: 1/1
   249 | D:1      | Gained mutation: When hurt, damage is shared between your health and your magic reserves. [demonic ancestry]
   249 | D:1      | Reached XP level 2. HP: 14/21 MP: 3/3
   552 | D:1      | Found a shimmering altar of Xom.
   558 | D:1      | Reached skill level 1 in Stealth
   940 | D:2      | Gained mutation: You are slightly more attuned to the shadows. [demonic ancestry]
   940 | D:2      | Reached XP level 3. HP: 26/26 MP: 4/4
   999 | D:2      | Found a glowing silver altar of Zin.
  1026 | D:2      | Reached skill level 4 in Evocations
  1692 | D:2      | Noticed Ijyb
  1700 | D:2      | Killed Ijyb
  1706 | D:2      | Reached skill level 1 in Armour
  1706 | D:2      | Gained mutation: You are partially covered in iridescent scales (AC +4). [demonic ancestry]
  1706 | D:2      | Reached XP level 4. HP: 32/32 MP: 6/6
  2883 | D:4      | Reached skill level 1 in Maces & Flails
  3012 | D:4      | Noticed a water moccasin
  3012 | D:4      | a scorpion changed into a water moccasin
  3014 | D:4      | Noticed a tengu
  3014 | D:4      | a water moccasin changed into a tengu
  3015 | D:4      | Noticed a basilisk
  3015 | D:4      | a tengu changed into a basilisk
  3051 | D:4      | HP: 1/32 [basilisk (4)]
  3052 | D:4      | Slain by a basilisk

Action                   |  1- 3 |  4- 6 || total
-------------------------+-------+-------++-------
Melee: Short sword       |    32 |       ||    32
       Whip              |   113 |    93 ||   206
Evoke: Wand              |    17 |    20 ||    37
 Stab: Paralysed         |     2 |       ||     2
       Sleeping          |       |     4 ||     4
